 Dungeon Crawl Stone Soup version 0.29.1-15-g9cfb28693d (webtiles) character file.

Game seed: 1480281202374002110

2 hawla the Changer (level 1, 0/17 HPs)
             Began as a Meteoran Wanderer on Apr 5, 2023.
             Slain by a kobold
             ... wielding a +0 short sword
              (4 damage)
             ... on level 1 of the Dungeon.
             The game lasted 00:01:03 (37 turns).

hawla the Changer (Meteoran Wanderer)                 Turns: 37, Time: 00:01:03

Health: 0/17       AC:  3    Str: 15    XL:     1   Next: 57%
Magic:  3/3        EV: 11    Int: 12    God:
Gold:   9          SH:  0    Dex: 12    Spells: 2/2 levels left

rFire   . . .      SeeInvis .   a - +0 club
rCold   . . .      Faith    .   (no shield)
rNeg    . . .      Spirit   .   d - +0 leather armour
rPois   .          Reflect  .   (no helmet)
rElec   .          Harm     .   (no cloak)
rCorr   .          Rampage  .   (no gloves)
Will    .....                   (no boots)
Stlth   +.........              (no amulet)
HPRegen 0.05/turn               (no ring)
MPRegen 0.08/turn               (no ring)

@: glowing
A: sense surroundings 1, otherworldly, glowing, explore regen
a: no special abilities


You were on level 1 of the Dungeon.
You visited 1 branch of the dungeon, and saw 1 of its levels.

You collected 9 gold pieces.

Inventory:

Hand Weapons
 a - a +0 club (weapon)
Armour
 d - a +0 leather armour (worn)
Scrolls
 e - a scroll of teleportation
Potions
 b - a potion of curing {unknown}
 c - a potion of mutation


   Skills:
 + Level 2.1 Fighting
 - Level 1.2 Armour
 - Level 3.6 Shields
 + Level 1.3 Spellcasting
 + Level 3.9 Transmutations


You had 2 spell levels left.
You didn't know any spells.
Your spell library contained the following spells:

 Spells                   Type           Power      Damage    Failure   Level
 Beastly Appendage        Tmut           20%        N/A       8%          1
 Sting                    Tmut/Pois      20%        1d4       16%         1
 Passwall                 Tmut/Erth      4%         N/A       24%         2


Dungeon Overview and Level Annotations

Branches:
Dungeon (1/15) Zot: 559

Altars:


Innate Abilities, Weirdness & Mutations

You passively map a small area around you.
You are easily found by Zot.
You glow in the dark.
You regain HP and MP as you explore.


Message History

You open the door.
HP restored.
There is an open door here.
Found a dagger.
A kobold comes into view. It is wielding a +0 short sword.
The kobold shouts!
You hear an angry hiss.
A ball python comes into view.
You hit the kobold but do no damage.
The kobold hits you with a +0 short sword.
You hit the kobold.
The kobold is moderately wounded.
The kobold completely misses you. The kobold hits you but does no damage.
You hit the kobold but do no damage.
The kobold is moderately wounded.
The kobold hits you with a +0 short sword.
You closely miss the kobold.
The kobold is moderately wounded.
The kobold hits you with a +0 short sword.
* * * LOW HITPOINT WARNING * * *
You are too injured to fight recklessly!
You are too injured to fight recklessly!
Unknown command.
You don't know any spells.
Sorry, you're not good enough to have a special ability.
You barely miss the kobold.
The kobold is moderately wounded.
The kobold closely misses you. The ball python bites you.
* * * LOW HITPOINT WARNING * * *
The ball python misses you. The kobold misses you.
Unknown command.
You hit the ball python.
You kill the ball python!
The kobold throws a stone.
The stone closely misses you.
Unknown command.
The kobold closely misses you.
You see here a ball python corpse.
You hit the kobold.
The kobold is severely wounded.
The kobold hits you with a +0 short sword.
You die...

. , , ##.........## ,
..# * *##...........##*
.... +#.............#
.##...##..............#
,
...............<........
*...###..............##
...##.............+ * ,
,#.##'...........## , ,
#K@.##.........##
.........###.......## ,
.........+,##.....##
.........#, #######
*.........#, ,, *
,...#.....# * * ,
...#.....# * * * , .#
#.)...# , > * , , ,


You could see a kobold.

Vanquished Creatures
  A ball python (D:1)
  An endoplasm (D:1)
2 creatures vanquished.

Notes
Turn   | Place    | Note
-------+----------+-------------------------------------------
     0 | D:1      | hawla the Meteoran Wanderer began the quest for the Orb.
     0 | D:1      | hawla set off with the following items: a +0 club, a +0
                  | buckler, a potion of mutation, a +0 leather armour, a
                  | scroll of teleportation; and the following spells available
                  | to memorise: Beastly Appendage, Sting, Passwall.
     0 | D:1      | Reached XP level 1. HP: 17/17 MP: 3/3
    37 | D:1      | Slain by a kobold

Illustrated notes

Levels and vault maps discovered:
D:1:      lemuel_arrival_rhombus, layout_basic, shapermc_ecumenical_altar_gd,
          chequers_avenue, hangedman_feature_mirror, columned_hall_lemuel

Action                   || total
-------------------------++-------
Melee: Club              ||     9
Armor: Leather armour    ||     1
Dodge: Dodged            ||     6
